 Dungeon Crawl Stone Soup version 0.25-a0-697-g890751e744 (webtiles) character file.

Game seed: 17921234987992426874, levelgen mode: deterministic

1 Glundar the Nimble (level 1, -9/17 HPs)
             Began as a Gnoll Wanderer on Apr 1, 2020.
             Mangled by a gnoll
             ... wielding a cursed -2 flail
              (12 damage)
             ... on level 1 of the Dungeon.
             The game lasted 00:00:33 (373 turns).

Glundar the Nimble (Gnoll Wanderer)                  Turns: 373, Time: 00:00:33

Health: -9/17      AC:  2    Str: 15    XL:     1   Next: 20%
Magic:  2/2        EV: 18    Int: 11    God:
Gold:   0          SH:  0    Dex: 16    Spells: 0/0 levels left

rFire    . . .     SeeInvis .   a - +0 short sword
rCold    . . .     Gourm    .   (no shield)
rNeg     . . .     Faith    .   d - +0 robe
rPois    .         Spirit   .   (no helmet)
rElec    .         Reflect  .   (no cloak)
rCorr    .         Harm     .   (no gloves)
MR       .....                  (no boots)
Stlth    ++........             (no amulet)
HPRegen  0.05/turn              (no ring)
MPRegen  0.08/turn              (no ring)

@: no status effects
A: distributed training, fangs 1, strong nose
a: no special abilities


You were on level 1 of the Dungeon.
You were not hungry.

You visited 1 branch of the dungeon, and saw 1 of its levels.

Inventory:

Hand Weapons
 a - a +0 short sword (weapon)
 c - a +0 spear
Missiles
 g - 32 stones (quivered)
Armour
 d - a +0 robe (worn)
Scrolls
 e - a scroll of identify {unknown}
 i - a scroll of teleportation {unknown}
Potions
 j - 2 potions of heal wounds
Miscellaneous
 b - a box of beasts
Comestibles
 f - 2 rations


   Skills:
 + Level 2.3 Fighting
 + Level 4.4 Short Blades
 + Level 0.0 Long Blades
 + Level 0.0 Axes
 + Level 0.0 Maces & Flails
 + Level 2.3 Polearms
 + Level 0.0 Staves
 + Level 0.0 Slings
 + Level 0.0 Bows
 + Level 0.0 Crossbows
 + Level 0.0 Throwing
 + Level 0.0 Armour
 + Level 8.4 Dodging
 + Level 2.1 Stealth
 + Level 0.0 Shields
 + Level 0.0 Unarmed Combat
 + Level 0.0 Spellcasting
 + Level 0.0 Conjurations
 + Level 0.0 Hexes
 + Level 0.0 Charms
 + Level 0.0 Summonings
 + Level 0.0 Necromancy
 + Level 0.0 Translocations
 + Level 0.0 Transmutations
 + Level 0.0 Fire Magic
 + Level 0.0 Ice Magic
 + Level 0.0 Air Magic
 + Level 0.0 Earth Magic
 + Level 0.0 Poison Magic
 + Level 0.0 Invocations
 + Level 2.3 Evocations


You couldn't memorise any spells.
You didn't know any spells.
Your spell library was empty.

Dungeon Overview and Level Annotations

Branches:
Dungeon (1/15)

Altars:


Innate Abilities, Weirdness & Mutations

Your experience applies equally to all skills.
You have very sharp teeth.
Your uncanny sense of smell can sniff out nearby items.


Message History

The gnoll completely misses you.
You hit the gnoll but do no damage.
The gnoll is moderately wounded.
The gnoll misses you.
You hit the gnoll.
The gnoll is heavily wounded.
The gnoll barely misses you.
You barely miss the gnoll. You bite the gnoll, but do no damage.
The gnoll is heavily wounded.
You hit the gnoll but do no damage. You bite the gnoll.
The gnoll is heavily wounded.
The gnoll misses you.
You barely miss the gnoll.
The gnoll is heavily wounded.
The gnoll completely misses you.
You hit the gnoll.
The gnoll is severely wounded.
The gnoll hits you with a cursed -2 flail!
Ouch! That really hurt!
You die... ... .... ... .... .. ... ..###.. .#... .gg

.. #g# .... #@# #...
########.###.#
............>#######
########............
#............
#............
#............
#.###......# #.#
#......#


You could see a gnoll, a hobgoblin and a goblin.

Vanquished Creatures
  A giant cockroach (D:1)
1 creature vanquished.

Notes
Turn   | Place    | Note
-------+----------+-------------------------------------------
     0 | D:1      | Glundar the Gnoll Wanderer began the quest for the Orb.
     0 | D:1      | Glundar set off with the following items: a +0 short sword,
                  | a box of beasts, a +0 spear, a +0 robe, a ration
     0 | D:1      | Reached XP level 1. HP: 17/17 MP: 2/2
   373 | D:1      | Mangled by a gnoll

Levels and vault maps discovered:
D:1:      dpeg_arrival_chambers_temple_mockup, layout_basic

Action                   || total
-------------------------++-------
Melee: Short sword       ||    19
       Bite              ||     3
 Stab: Distracted        ||     1
Dodge: Dodged            ||     8

Table legend:
 A = Non-vault XP
 B = Vault XP
 C = Vault XP percentage of total XP
 D = Non-vault monster count
 E = Vault monster count
 F = Vault count percentage of total count
                 A         B        C        D         E       F
            +---------+---------+-------+---------+---------+-------
      Total |       2 |       0 |   0.0 |       1 |       0 |   0.0
            +---------+---------+-------+---------+---------+-------
        D:1 |       2 |       0 |   0.0 |       1 |       0 |   0.0
            +---------+---------+-------+---------+---------+-------
